 Dungeon Crawl Stone Soup version 0.22-a0-558-gc224181 (webtiles) character file.

48 iamserjio the Ruffian (level 3, -1/30 HPs)
             Began as a Draconian Skald on June 27, 2018.
             Slain by an orc wizard
             ... wielding a +0 dagger
              (2 damage)
             ... on level 3 of the Dungeon.
             The game lasted 00:04:45 (758 turns).

iamserjio the Ruffian (Draconian Skald)              Turns: 758, Time: 00:04:46

Health: -1/30      AC:  6    Str: 13    XL:     3   Next: 50%
Magic:  6/6        EV: 12    Int: 14    God:
Gold:   121        SH:  0    Dex: 10    Spells: 1/6 levels left

rFire    . . .     SeeInvis .   l - +4 short sword (venom)
rCold    . . .     Gourm    .   (no shield)
rNeg     . . .     Faith    .   (armour unavailable)
rPois    .         Spirit   .   (helmet restricted)
rElec    .         Reflect  .   (no cloak)
rCorr    .         Harm     .   g - +0 pair of gloves
MR       .....                  (no boots)
Stlth    +.........             (no amulet)
HPRegen  0.10/turn              (no ring)
MPRegen  0.10/turn              (no ring)

@: no status effects
A: unfitting armour, cold-blooded, AC +5
a: no special abilities


You were on level 3 of the Dungeon.
You were not hungry.

You visited 1 branch of the dungeon, and saw 4 of its levels.

You collected 121 gold pieces.

Inventory:

Hand Weapons
 a - a +0 club
 l - a +4 short sword of venom (weapon)
Armour
 g - a +0 pair of gloves (worn)
Jewellery
 f - an uncursed amulet of regeneration {unknown}
Scrolls
 d - 2 scrolls of teleportation {unknown}
 h - a scroll of immolation {unknown}
 k - 2 scrolls of identify {unknown}
Potions
 c - 4 potions of might {unknown}
 e - a potion of ambrosia {unknown}
 i - a potion of cancellation {unknown}
 j - a potion of heal wounds {unknown}
 m - a potion of lignification {unknown}
Comestibles
 b - 5 rations


   Skills:
 + Level 2.9 Fighting
 - Level 2.1 Dodging
 * Level 3.2 Unarmed Combat
 - Level 2.0 Spellcasting
 + Level 2.9 Charms


You had one spell level left.
You knew the following spells:

 Your Spells              Type           Power        Failure   Level  Hunger
a - Infusion              Chrm           #...         7%          1    ##.....
b - Song of Slaying       Chrm           #.......     11%         2    ###....
c - Shroud of Golubria    Chrm/Tloc      #.........   21%         2    ###....

Your spell library contained the following spells:

 Spells                   Type           Power        Failure   Level  Hunger
 Regeneration             Chrm/Necr      #.........   36%         3    ####...
 Spectral Weapon          Hex/Chrm       #.......     36%         3    ####...


Dungeon Overview and Level Annotations

Branches:
Dungeon (4/15)
 Temple: D:4-7

Altars:
Ru

Annotations:
D:3 Grinder


Innate Abilities, Weirdness & Mutations

Your plain brown scales are hard. (AC +5)
You cannot fit into any form of body armour.
You are cold-blooded and may be slowed by cold attacks.


Message History

Something hits you but does no damage.
There is a stone staircase leading up here.
You hear some strange, mumbled words.
A puff of flame appears from out of thin air!
The puff of flame hits you!
* * * LOW HITPOINT WARNING * * *
You climb upwards.
Level annotation: Grinder The kobold shouts!
An ooze comes into view.
The kobold throws a stone.
The stone hits you.
* * * LOW HITPOINT WARNING * * *
The ooze hits you.
* * * LOW HITPOINT WARNING * * *
The kobold throws a stone.
The stone hits you but does no damage.
There is a stone staircase leading down here.
You see here 2 stones.
You hit something. Something hits you but does no damage.
The ooze barely misses you. Something hits you.
You die...

#+# ## ##
##..#####..##
##.....{J....##
+...8..@..8....
##...........##
##.K#####..##
## ##


You could see an ooze and a kobold.

Vanquished Creatures
  2 adders
  3 dart slugs
  A leopard gecko (D:3)
  2 giant cockroaches (D:3)
  A goblin (D:2)
  4 hobgoblins
  A ball python (D:3)
  3 bats
  2 frilled lizards
  5 kobolds
  A rat (D:1)
25 creatures vanquished.

Notes
Turn   | Place    | Note
-------+----------+-------------------------------------------
     0 | D:1      | iamserjio the Draconian Skald began the quest for the Orb.
     0 | D:1      | Reached XP level 1. HP: 17/17 MP: 3/3
   260 | D:2      | Reached XP level 2. HP: 13/25 MP: 0/5
   280 | D:2      | Learned a level 2 spell: Song of Slaying
   283 | D:2      | Learned a level 2 spell: Shroud of Golubria
   413 | D:2      | Found a sacrificial altar of Ru.
   541 | D:3      | Reached skill level 3 in Unarmed Combat
   563 | D:3      | Reached XP level 3. HP: 10/30 MP: 6/6
   736 | D:3      | Noticed Grinder
   757 | D:3      | HP: 1/30 [ooze (2)]
   758 | D:3      | Slain by an orc wizard

Vault maps used:
D:1:      scummos_arrival_star
D:2:      hangedman_ru_absence, st_stairs_13, nemelex_diamond_rough_becter
D:3:      grunt_ministairs_15, corexii_leaking_fountain, uniq_grinder
D:4:      okawaru_altar_gauntlet_db, temple_pool_b, uniq_menkaure, uniq_edmund,
          uniq_crazy_yiuf_cottage

Skill      XL: |  1  2 |
---------------+-------+-----
Unarmed Combat | 3 |  3.2
Fighting       | |  2.9
Dodging        | |  2.1
Spellcasting   | |  2.0
Charms         | |  2.9

Action                   || total
-------------------------++-------
Melee: Club              ||    59
       Unarmed           ||     8
       Tailslap          ||    12
       Punch             ||     1
       Short sword       ||    34
 Cast: Infusion          ||     1
 Stab: Sleeping          ||     1
Armor: Skin              ||    46
Dodge: Dodged            ||    80

Table legend:
 A = Spawn XP
 B = Non-spawn XP
 C = Spawn XP percentage of total XP
 D = Spawn monster count
 E = Non-spawn monster count
 F = Spawn count percentage of total count
 G = Total turns spent on level
                    A         B        C        D         E        F      G
               +---------+---------+-------+---------+---------+-------+---------
         Total |       0 |      69 |   0.0 |       0 |      25 |   0.0 |   758
               +---------+---------+-------+---------+---------+-------+---------
           D:1 |       0 |      10 |   0.0 |       0 |       8 |   0.0 |   242
           D:2 |       0 |      29 |   0.0 |       0 |       8 |   0.0 |   292
           D:3 |       0 |      26 |   0.0 |       0 |       8 |   0.0 |   209
           D:4 |       0 |       4 |   0.0 |       0 |       1 |   0.0 |    15
               +---------+---------+-------+---------+---------+-------+---------
